 Dungeon Crawl Stone Soup version 0.24.0-37-gcf1ca852f1 (webtiles) character file.

Game seed: 2328893682856769303, levelgen mode: deterministic

35 Daemon1337 the Ruffian (level 3, 0/17 HPs)
             Began as a Vine Stalker Chaos Knight on Nov 24, 2019.
             Was a Plaything of Xom.
             Succumbed to an adder's poison
             ... on level 1 of the Dungeon.
             The game lasted 00:04:40 (928 turns).

Daemon1337 the Ruffian (Vine Stalker Chaos Knight)   Turns: 928, Time: 00:04:41

Health: 0/17       AC:  9    Str: 15    XL:     3   Next: 35%
Magic:  4/4        EV:  8    Int: 10    God:    Xom [......]
Gold:   57         SH:  7    Dex: 11    Spells: 2/2 levels left

rFire    . . .     SeeInvis .   k - +0 mace (protect)
rCold    . . .     Gourm    .   h - +0 shield
rNeg     . . .     Faith    .   a - +2 leather armour
rPois    .         Spirit   +   l - +2 hat
rElec    .         Reflect  .   (no cloak)
rCorr    .         Harm     .   (no gloves)
MR       +....                  c - +1 pair of boots
Stlth    +.........             (no amulet)
HPRegen  0.05/turn              m - ring of protection from magic
MPRegen  0.09/turn              (no ring)

@: lethally poisoned (0 -> -1)
A: fangs 2, clumsy 1, dopey 1, frail 1, magic shield, antimagic bite, no potion
heal 3, rot immunity
a: Renounce Religion


You were on level 1 of the Dungeon.
You worshipped Xom.
You were a very special plaything of Xom.
You were not hungry.

You visited 1 branch of the dungeon, and saw 2 of its levels.

You collected 57 gold pieces.

Inventory:

Hand Weapons
 k - a +0 mace of protection (weapon)
Armour
 a - a +2 leather armour (worn)
 c - a +1 pair of boots (worn)
 h - a +0 shield (worn)
 l - a +2 hat (worn)
Jewellery
 m - a ring of protection from magic (left hand)
Comestibles
 b - 5 rations
 d - 5 chunks of flesh


   Skills:
 + Level 2.9 Fighting
 + Level 1.7 Armour
 + Level 1.0 Dodging
 + Level 0.3 Stealth
 + Level 3.8 Unarmed Combat


You had 2 spell levels left.
You didn't know any spells.
Your spell library was empty.

Dungeon Overview and Level Annotations

Branches:
Dungeon (2/15)

Altars:


Innate Abilities, Weirdness & Mutations

You have extremely sharp teeth.
When hurt, damage is shared between your health and your magic reserves.
Your bite disrupts and absorbs the magic of your enemies.
Potions cannot restore your health.
You are immune to rotting.
You are clumsy. (Dex -2)
You are dopey. (Int -2)
You are frail. (-10% HP)


Message History

As you read the scroll labeled GOMEESK FEXEA, it crumbles to dust.
The scroll dissolves into smoke.
It was a scroll of fog.
* * * LOW HITPOINT WARNING * * *
You feel sick.
As you read the scroll labeled FUD VARAGOU, it crumbles to dust.
You smell rotten fruit.
It was a scroll of random uselessness.
As you read the scroll labeled OSHRAI SEOGU, it crumbles to dust.
It is a scroll of enchant armour.
Your +0 pair of boots glows green for a moment.
As you read the scroll labeled BAUDUDD DOINEA, it crumbles to dust.
You feel strangely unstable.
It was a scroll of teleportation.
* * * LOW HITPOINT WARNING * * *
You feel sick.
Your surroundings suddenly seem different.
* * * LOW HITPOINT WARNING * * *
You feel sick.
* * * LOW HITPOINT WARNING * * *
You feel sick.
You die...
Xom laughs nastily!

###########
#@>.......#
#.#######.# #.# #.#
#.##### #.#
###.....###.#
#.........#.# ######
#.#..##.#.#.# #.....
#.#..#....#.###.####
#.#.......).....#


There were no monsters in sight!

Vanquished Creatures
  A leopard gecko (D:1)
  7 bats (D:1)
  2 giant cockroaches (D:1)
  7 goblins (D:1)
  7 hobgoblins (D:1)
  A kobold (D:1)
  3 frilled lizards (D:1)
28 creatures vanquished.

Notes
Turn   | Place    | Note
-------+----------+-------------------------------------------
     0 | D:1      | Daemon1337 the Vine Stalker Chaos Knight began the quest
                  | for the Orb.
     0 | D:1      | Reached XP level 1. HP: 11/11 MP: 2/2
   177 | D:1      | Reached XP level 2. HP: 16/16 MP: 3/3
   229 | D:1      | XOM: silly message
   339 | D:1      | Reached XP level 3. HP: 19/19 MP: 4/4
   447 | D:1      | Reached skill level 1 in Dodging
   632 | D:1      | XOM: torment (13/19 hp)
   719 | D:1      | XOM: give mutations
   719 | D:1      | Gained mutation: You are clumsy. (Dex -2) [Xom's mischief]
   755 | D:1      | XOM: give mutations
   755 | D:1      | Gained mutation: You are frail. (-10% HP) [Xom's mischief]
   755 | D:1      | Gained mutation: You are dopey. (Int -2) [Xom's mischief]
   755 | D:1      | Gained mutation: You are very dopey. (Int -4) [Xom's
                  | mischief]
   755 | D:1      | Lost mutation: You are very dopey. (Int -4) [Xom's
                  | mischief]
   757 | D:1      | XOM: noise
   897 | D:2      | XOM: enchant monster (bad)
   901 | D:2      | XOM: butterfly on damage
   907 | D:2      | XOM: swap monsters
   928 | D:1      | Succumbed to an adder's poison

Levels and vault maps discovered:
D:1:      dpeg_arrival_short_road, layout_loops_cross, columned_hall_lemuel,
          minmay_hexomino_c4
D:2:      layout_loops_ring, lemuel_doored_altar, serial_forest,
          infiniplex_forest_3_way, infiniplex_forest_split,
          infiniplex_forest_lined_2, infiniplex_forest_end_1,
          infiniplex_forest_clump_medium, infiniplex_forest_straight_3,
          infiniplex_forest_zigzag_1, infiniplex_forest_straight_2,
          minivault_14, minmay_rat_hole

Skill      XL: |  1  2  3 |
---------------+----------+-----
Dodging        | 1 |  1.0
Fighting       | |  2.9
Armour         | |  1.7
Stealth        | |  0.3
Unarmed Combat | |  3.8

Action                   || total
-------------------------++-------
Melee: Unarmed           ||    58
       Bite              ||    16
       Punch             ||     3
       Mace              ||    23
  Use: Scroll            ||     7
Armor: Leather armour    ||    45
Dodge: Dodged            ||    80
Block: Shield            ||     2
